 Dungeon Crawl Stone Soup version 0.25-a0-2-g6559c6c67a (webtiles) character file.

Game seed: 10073113332940203754, levelgen mode: deterministic

23 Raiden350 the Firebug (level 2, -3/21 HPs)
             Began as a Demonspawn Fire Elementalist on Oct 14, 2019.
             Slain by a worm (8 damage)
             ... on level 2 of the Dungeon.
             The game lasted 00:05:46 (1009 turns).

Raiden350 the Firebug (DsFE)                        Turns: 1009, Time: 00:05:47

Health: -3/21      AC:  2    Str:  8    XL:     2   Next: 72%
Magic:  5/5        EV: 12    Int: 12    God:
Gold:   12         SH:  0    Dex: 13    Spells: 4/5 levels left

rFire    . . .     SeeInvis .   (no weapon)
rCold    . . .     Gourm    +   (no shield)
rNeg     . . .     Faith    .   a - +0 robe
rPois    .         Spirit   .   (no helmet)
rElec    .         Reflect  .   (no cloak)
rCorr    .         Harm     .   (no gloves)
MR       .....                  (no boots)
Stlth    ++........             e - amulet of the gourmand
HPRegen  0.07/turn              b - -4 ring of intelligence (curse)
MPRegen  0.09/turn              (no ring)

@: no status effects
A: talons 1
a: no special abilities


You were on level 2 of the Dungeon.
You were not hungry.

You visited 1 branch of the dungeon, and saw 2 of its levels.

You collected 12 gold pieces.

Inventory:

Armour
 a - a +0 robe (worn)
 d - a +0 leather armour
Jewellery
 b - a cursed -4 ring of intelligence (left hand)
 e - an amulet of the gourmand (around neck)
Scrolls
 f - a scroll of teleportation
Comestibles
 c - 2 rations
 g - a chunk of flesh


   Skills:
 + Level 1.0 Fighting
 - Level 1.8 Dodging
 - Level 1.7 Stealth
 + Level 2.2 Spellcasting
 + Level 1.5 Conjurations
 + Level 3.0 Fire Magic


You had 4 spell levels left.
You knew the following spells:

 Your Spells              Type           Power        Failure   Level  Hunger
a - Flame Tongue          Conj/Fire      #....        11%         1    ##.....

Your spell library contained the following spells:

 Spells                   Type           Power        Failure   Level  Hunger
 Throw Flame              Conj/Fire      #.....       16%         2    ###....
 Conjure Flame            Conj/Fire      #.......     30%         3    ####...
 Inner Flame              Hex/Fire       #.......     41%         3    ####...
 Sticky Flame             Conj/Fire      #.......     71%         4    #####..
 Fireball                 Conj/Fire      #.........   96%         5    ######.


Dungeon Overview and Level Annotations

Branches:
Dungeon (2/15)

Altars:


Innate Abilities, Weirdness & Mutations

You have sharp toenails.


Message History

The bat hits you.
The crimson imp blinks!
The goblin hits you but does no damage. The bat hits you.
The kobold closely misses you. The goblin hits you.
The bat hits you but does no damage. The bat barely misses you.
The kobold barely misses you. The bat completely misses you.
The kobold closely misses you. The goblin closely misses you.
The bat closely misses you. The goblin hits you with a +0 club.
The crimson imp blinks!
The kobold barely misses you. The goblin barely misses you.
The kobold shouts!
The bat hits you but does no damage. The goblin misses you.
The kobold hits you. The worm barely misses you. The goblin hits you.
* * * LOW HITPOINT WARNING * * *
A dart slug comes into view.
The bat hits you but does no damage. The kobold barely misses you.
The crimson imp blinks!
The goblin barely misses you. The goblin hits you.
* * * LOW HITPOINT WARNING * * *
The bat closely misses you. The worm bites you!
You die...

#...<..##..#######
#.#######..# ...
#..## ....#...# #
...)##..##.####
...........w...
........##.##.#
....##bw# .. ....
#g@# ## .#. #Kg# #
#Sl# #..# #..#
#.K# #w.. ....


You could see a worm, an adder, a dart slug, 2 goblins, a bat, 2 kobolds and a
frilled lizard.

Vanquished Creatures
  A dart slug (D:1)
  A leopard gecko (D:1)
  A giant cockroach (D:1)
  2 goblins (D:1)
  2 hobgoblins (D:1)
  2 jackals (D:1)
  A bat (D:1)
  A frilled lizard (D:1)
  3 kobolds (D:1)
  5 rats (D:1)
19 creatures vanquished.

Notes
Turn   | Place    | Note
-------+----------+-------------------------------------------
     0 | D:1      | Raiden350 the Demonspawn Fire Elementalist began the quest
                  | for the Orb.
     0 | D:1      | Reached XP level 1. HP: 13/13 MP: 3/3
   231 | D:1      | Gained mutation: You have sharp toenails. [demonic
                  | ancestry]
   231 | D:1      | Reached XP level 2. HP: 20/20 MP: 1/5
   319 | D:1      | Reached skill level 3 in Fire Magic
   603 | D:1      | HP: 1/20 [hobgoblin (4)]
   951 | D:1      | Reached skill level 1 in Fighting
  1000 | D:2      | Noticed a crimson imp
  1009 | D:2      | Slain by a worm

Levels and vault maps discovered:
D:1:      lightli_molten_gateway, layout_basic
D:2:      layout_loops_ring, minmay_overflow_temple_star_quad,
          lemuel_zombie_altar_yredelemnul

Skill      XL: |  1  2 |
---------------+-------+-----
Fire Magic     | 3 |  3.0
Fighting       | 1 |  1.0
Dodging        | |  1.8
Stealth        | |  1.7
Spellcasting   | |  2.2
Conjurations   | |  1.5

Action                   || total
-------------------------++-------
Melee: Club              ||     4
       Unarmed           ||    37
       Kick              ||     3
 Cast: Flame Tongue      ||    27
  Use: Scroll            ||     1
 Stab: Sleeping          ||     2
  Eat: Chunk             ||     5
Armor: Robe              ||    15
Dodge: Dodged            ||    54

Table legend:
 A = Non-vault XP
 B = Vault XP
 C = Vault XP percentage of total XP
 D = Non-vault monster count
 E = Vault monster count
 F = Vault count percentage of total count
                 A         B        C        D         E       F
            +---------+---------+-------+---------+---------+-------
      Total |      33 |       0 |   0.0 |      19 |       0 |   0.0
            +---------+---------+-------+---------+---------+-------
        D:1 |      33 |       0 |   0.0 |      19 |       0 |   0.0
            +---------+---------+-------+---------+---------+-------
